 Dungeon Crawl Stone Soup version 0.31-a0-656-gb4d89c20fa (webtiles) character file.

Game seed: 861698455708581797

18 LobsterGuardian the Covert (level 2, 0/16 HPs)
             Began as a Spriggan Delver on Aug 30, 2023.
             Was an Initiate of Zin.
             Succumbed to an adder's poison
             ... on level 5 of the Dungeon.
             The game lasted 00:01:48 (144 turns).

LobsterGuardian the Covert (Spriggan Delver)         Turns: 144, Time: 00:01:49

Health: 0/16       AC:  2    Str:  8    XL:     2   Next: 51%
Magic:  3/3        EV: 17    Int: 11    God:    Zin [......]
Gold:   0          SH:  0    Dex: 16    Spells: 1/1 levels left

rFire   . . .        a - +0 short sword
rCold   . . .        (no shield)
rNeg    . . .        b - +0 robe
rPois   .            (helmet restricted)
rElec   .            (no cloak)
rCorr   .            (gloves unavailable)
SInv    +            (boots unavailable)
Will    .....        (no amulet)
Stlth   ++           (no ring)
HPRegen 0.22/turn    (no ring)
MPRegen 0.08/turn

%: no passive effects
@: lethally poisoned (0 -> -3), slow
A: very small, no large weapons, unfitting armour, see invisible, speed 3
a: Renounce Religion, Donate Gold


You were on level 5 of the Dungeon.
You worshipped Zin.
Zin was noncommittal.
You visited 2 branches of the dungeon, and saw 2 of its levels.

Inventory:

Hand Weapons
 a - a +0 short sword (weapon)
Armour
 b - a +0 robe (worn)
Wands
 g - a wand of digging (3)
Scrolls
 c - a scroll of fog


   Skills:
 + Level 2.5 Fighting
 + Level 2.2 Short Blades
 + Level 2.7 Dodging
 * Level 8.1 Stealth


You had one spell level left.
You didn't know any spells.
Your spell library was empty.

Dungeon Overview and Level Annotations

Branches:
Dungeon (5/15)             Temple (1/1) D:5

Altars:
Ashenzari
Dithmenos
Elyvilon
Fedhas
Gozag
Hepliaklqana
Kikubaaqudgha
Nemelex Xobeh
Okawaru
Qazlal
Trog
Xom
Zin


Innate Abilities, Weirdness & Mutations

You are very small and have problems with some larger weapons.
You are too small for most types of armour.
You have supernaturally acute eyesight. (SInv)
You cover ground extremely quickly. (Speed+++)


Message History

Unknown command.
Your unstable footing causes you to fumble your attack.
The adder hisses angrily.
The adder closely misses you.
You closely miss the adder. The adder bites you. The worm bites you.
The adder completely misses you.
You hit the adder.
The adder is heavily wounded.
The adder misses you.
The worm splashes around in the water.
Unknown command.
You hit the adder.
The adder is heavily wounded.
The adder closely misses you.
You closely miss the adder.
The adder is heavily wounded.
The adder closely misses you.
The worm splashes around in the water.
You hit the adder but do no damage.
The adder is heavily wounded.
The adder bites you.
* * * LOW HITPOINT WARNING * * *
You are lethally poisoned!
The adder poisons you!
Unknown command.
You completely miss the adder.
The adder is heavily wounded.
* * * LOW HITPOINT WARNING * * *
You feel sick. The adder barely misses you. The worm barely misses you.
Unknown command.
A worm comes into view.
* * * LOW HITPOINT WARNING * * *
You feel sick. The adder barely misses you. The worm closely misses you.
Unknown command.
You have nothing to donate!
You hit the adder but do no damage.
The adder is heavily wounded.
* * * LOW HITPOINT WARNING * * *
You feel sick. The adder misses you.
Unknown command.
Your unstable footing causes you to fumble your attack.
You die...

.....#....#
.....#..?.#
.........##########
.8.8..............#
⌠.⌠...............#
.>.8.........~....#
⌠.⌠......~.~~~~~..#
.8.8....~~#~#r#####
†.......~~~~~rSS@#
#..##...########w#
.......##~#~§§SwS#
#.....##*~#~#~####
#.....>#*~*~#~~~~*
##....##*~*~*~**~*
#...#.# *~*~*~~*~*
..##### *~*~**~*~*
,,,** *~~~**~*~*


You could see 2 worms, 3 adders, a river rat and a rat.

Vanquished Creatures
  2 adders (D:5)
  A rat (D:5)
3 creatures vanquished.

Notes
Turn   | Place    | Note
-------+----------+-------------------------------------------
     0 | D:5      | LobsterGuardian the Spriggan Delver began the quest for the
                  | Orb.
     0 | D:5      | Reached XP level 1. HP: 11/11 MP: 2/2
    22 | D:5      | Found a staircase to the Ecumenical Temple.
    31 | Temple   | Entered the Ecumenical Temple
    39 | Temple   | Became a worshipper of Zin the Law-Giver
    75 | D:5      | Reached XP level 2. HP: 3/16 MP: 3/3
   116 | D:5      | Reached skill level 8 in Stealth
   144 | D:5      | Succumbed to an adder's poison

Illustrated notes

Levels and vault maps discovered:
D:5:      nicolae_cairo_tiling_large, layout_cave_pools, tso_altar,
          minmay_temple_entry_statues_fountains, lightli_sewer_entry_pipes,
          serial_glass, glass_columns_c, glass_columns_a, glass_columns_b
Temple:   cyrus_circular_temple

Skill      XL: |  1  2 |
---------------+-------+-----
Stealth        | 8 |  8.1
Fighting       | |  2.5
Short Blades   | |  2.2
Dodging        | |  2.7

Action                     || total
---------------------------++-------
  Melee: Short sword       ||    35
    Use: Potion            ||     2
         Scroll            ||     2
 Armour: Robe              ||     7
  Dodge: Dodged            ||    46

Table legend: (Time is in decaauts)
 A = Elapsed time spent in this place.
 B = Non-inter-level travel time spent in this place.
 C = Inter-level travel time spent in this place.
 D = Time resting spent in this place.
 E = Time spent auto-exploring this place.
 F = Levels seen in this place.
 G = Mean time per level.
                   A        B        C        D        E       F      G
               +--------+--------+--------+--------+--------+-----+--------+
         Total |     95 |     86 |      9 |      0 |     12 |   2 |   47.5 |
       Dungeon |     83 |     83 |      0 |      0 |     12 |   1 |   83.0 |
        Temple |     11 |      2 |      9 |      0 |      0 |   1 |   11.0 |
               +--------+--------+--------+--------+--------+-----+--------+

Top non-repeatable levels by time:
     D:5: 83 daAuts
  Temple: 11 daAuts
